Map: King Sejong Station LE

Players

zamzx

  • Race: Zerg Zerg
  • League: Master

UEDplzgoez - Winner!

  • Race: Terran Terran
  • League: Master

VOD

Have the link to the VOD?

Description

Time

  • Played on: June 13, 2016, 2:05 a.m.
  • Length: 12:03
Show
View Real Time Build Order
Export as new Build Order

zamzx Zerg 

Build Orders: Hatch First 

Get SALT Encoding   

  12  0:02  Drone  
  13  0:13  Overlord  
  13  0:24  Drone  
  14  0:32  Drone  
  14  0:35  Drone  
  16  0:47  Drone  
  17  0:54  Hatchery  
  16  1:04  Extractor  
  15  1:05  Drone  
  16  1:16  Spawning Pool, Drone  
  16  1:26  Drone  
  17  2:03  Overlord  
  17  2:04  Metabolic Boost, Queen  
  17  2:05  Zergling x2  
  17  2:06  Zergling x2  
  17  2:07  Queen  
  23  2:10  Drone  
  24  2:19  Drone x2  
  26  2:27  Drone  
  26  2:29  Drone  
  28  2:37  Drone  
  29  2:42  Drone  
  29  2:48  Pneumatized Carapace  
  29  2:49  Drone  
  29  2:50  Drone  
  31  2:58  Overlord  
  31  3:08  Overlord x2  
  31  3:20  Hatchery  
  31  3:24  Drone x2  
  31  3:26  Drone  
  33  3:33  Drone  
  33  3:34  Drone x2  
  36  3:37  Drone x2  
  38  3:42  Drone  
  39  3:51  Drone  
  39  3:52  Drone  
  39  3:53  Drone  
  39  3:54  Drone x3  
  39  3:55  Drone  
  46  4:03  Baneling Nest  
  46  4:07  Overlord  
  46  4:08  Evolution Chamber  
  44  4:11  Evolution Chamber  
  43  4:17  Overlord  
  43  4:18  Overlord  
  43  4:19  Zergling x4  
  43  4:20  Zergling x2  
  43  4:22  Zergling x2  
  43  4:23  Zergling x2  
  48  4:31  Spore Crawler  
  48  4:35  Spore Crawler  
  48  4:37  Roach Warren  
  45  4:41  Zerg Ground Armor Level 1  
  45  4:50  Drone x7  
  45  4:51  Baneling x2  
  52  5:13  Overlord x3  
  52  5:17  Drone x6  
  58  5:24  Roach  
  58  5:25  Roach x2  
  63  5:29  Roach  
  63  5:34  Roach  
  63  5:35  Roach x2  
  71  5:39  Overlord  
  71  5:41  Extractor  
  70  5:44  Extractor x2  
  70  5:46  Spore Crawler  
  67  6:03  Hatchery  
  65  6:05  Roach x3  
  71  6:13  Roach  
  71  6:15  Overlord  
  73  6:22  Drone x2  
  73  6:25  Roach x4  
  82  6:41  Lair  
  82  6:42  Drone x6  
  88  6:49  Hatchery, Drone x2  
  88  6:50  Drone  
  88  6:51  Baneling x3  
  90  6:57  Overlord  
  90  7:01  Drone  
  92  7:09  Hatchery  
  91  7:20  Drone x4  
  91  7:21  Drone x4  
  99  7:23  Zerg Melee Weapons Level 1  
  93  7:34  Overlord x2  
  90  7:39  Overlord, Baneling  
  90  7:40  Overlord  
  90  7:51  Infestation Pit  
  90  7:52  Queen x2  
  90  7:57  Roach  
  90  7:58  Roach x7  
  109  8:00  Ravager x2  
  109  8:01  Ravager x2  
  109  8:02  Ravager  
  114  8:24  Ravager x3  
  117  8:28  Zergling x8  
  117  8:29  Zergling x16  
  117  8:32  Extractor  
  117  8:33  Extractor  
  127  8:36  Pathogen Glands  
  127  8:46  Roach x4  
  129  9:04  Extractor  
  129  9:05  Roach x2  
  129  9:06  Roach  
  134  9:12  Spire, Zergling x2  
  134  9:13  Zergling x2  
  135  9:18  Hatchery  
  135  9:22  Overlord x3  
  134  9:24  Glial Reconstitution  
  134  9:32  Overlord  
  134  9:33  Overlord  
  134  9:35  Overlord x2  
  134  9:38  Zerg Ground Armor Level 2  
  119  9:59  Roach x12  
  135  10:24  Drone x5  
  140  10:39  Corruptor x6  
  152  10:57  Roach x3, Infestor  
  143  11:03  Zergling x8  
  143  11:04  Zergling x16  
  157  11:06  Zergling x4  
  155  11:15  Zergling x12  
  122  11:23  Roach x2  
  122  11:24  Roach, Zergling x2  
  109  11:28  Zergling x4  
  111  11:37  Zergling x4  
  111  11:38  Zergling x4  
  98  11:40  Zergling x6  
  98  11:43  Zergling x4  
  98  11:45  Zergling x4  
Show
View Real Time Build Order
Export as new Build Order

UEDplzgoez Terran - Winner!

Build Orders: Reaper Expand, MMM Bio 

Get SALT Encoding   

  12  0:01  SCV  
  13  0:13  SCV  
  14  0:18  Supply Depot  
  14  0:26  SCV  
  15  0:40  SCV  
  15  0:41  Barracks  
  16  0:45  Refinery  
  16  0:52  SCV  
  17  1:04  SCV  
  18  1:17  SCV  
  19  1:29  Orbital Command  
  19  1:30  Reaper  
  20  1:45  Command Center  
  20  1:55  SCV  
  20  1:57  Supply Depot  
  21  2:02  Marine  
  23  2:08  SCV  
  23  2:13  Barracks  
  23  2:20  SCV  
  24  2:24  Barracks Reactor  
  24  2:29  Factory  
  24  2:37  SCV  
  25  2:47  Refinery  
  25  2:49  SCV  
  26  2:59  Orbital Command  
  26  3:01  SCV, Marine  
  26  3:02  Marine  
  26  3:05  Barracks Tech Lab  
  29  3:19  SCV  
  30  3:20  Starport, Factory Reactor  
  30  3:22  Marine x2  
  31  3:30  SCV  
  31  3:31  SCV  
  33  3:36  Supply Depot  
  33  3:39  Stimpack, Marine  
  34  3:42  SCV  
  34  3:45  Marine x2  
  37  3:54  SCV  
  39  3:55  SCV  
  39  3:56  Supply Depot  
  39  4:03  Marine  
  39  4:06  SCV  
  39  4:07  SCV  
  42  4:11  Marine  
  42  4:12  Marine  
  44  4:18  Medivac x2  
  44  4:19  Widow Mine, Supply Depot  
  44  4:21  Marine  
  44  4:22  SCV x2  
  53  4:29  Marine  
  53  4:30  Marine  
  55  4:34  SCV  
  55  4:38  Supply Depot  
  56  4:42  Bunker, Marine  
  56  4:44  SCV  
  58  4:46  SCV  
  58  4:48  Marine  
  60  4:55  Engineering Bay  
  60  4:56  Engineering Bay, Refinery  
  60  5:00  Marine  
  60  5:01  Marine  
  60  5:02  Medivac x2  
  60  5:03  SCV x2  
  60  5:07  Supply Depot  
  68  5:13  Marine  
  69  5:21  Marine x2  
  71  5:38  Marine  
  71  5:39  Terran Infantry Weapons Level 1, Marine  
  71  5:40  Terran Infantry Armor Level 1  
  73  5:43  Command Center  
  73  5:53  Marine  
  70  6:00  Barracks  
  70  6:02  Barracks  
  68  6:05  Barracks  
  68  6:06  Marine x2  
  69  6:15  Factory Reactor  
  69  6:16  SCV x2  
  69  6:20  Refinery  
  69  6:21  Marine  
  69  6:23  Armory  
  69  6:24  Marine  
  66  6:30  Marine  
  66  6:31  Medivac  
  69  6:33  SCV x2  
  69  6:39  Marine  
  70  6:43  Combat Shields  
  70  6:46  SCV x2  
  72  6:57  Barracks Reactor, Barracks Tech Lab  
  72  6:58  Orbital Command  
  72  7:00  Marine x3  
  75  7:03  SCV  
  75  7:05  Marine  
  75  7:06  Marine  
  75  7:07  Factory Tech Lab  
  77  7:17  Supply Depot  
  77  7:18  Marauder, Marine x3  
  77  7:19  Concussive Shells, Supply Depot  
  82  7:23  Marine x2  
  84  7:35  SCV x2  
  84  7:36  Marine  
  78  7:40  Marine  
  78  7:42  Orbital Command  
  78  7:43  Siege Tank  
  82  7:48  Terran Infantry Armor Level 2, Terran Infantry Weapons Level 2  
  81  8:04  Marine x3  
  84  8:10  Marine  
  84  8:11  Marine x2  
  87  8:14  SCV  
  87  8:15  Siege Tank, SCV  
  92  8:22  Medivac x2  
  96  8:27  SCV x2  
  96  8:30  Marine x6  
  96  8:31  Marine  
  96  8:33  SCV  
  106  8:38  Marine  
  106  8:39  SCV  
  106  8:40  Terran Vehicle Weapons Level 1  
  108  8:43  Supply Depot x2  
  108  8:48  Marine x2  
  110  8:54  Marine  
  110  8:55  Marine  
  107  8:57  SCV x2  
  107  9:00  Siege Tank, Missile Turret  
  107  9:02  Missile Turret, Marine  
  113  9:12  Marauder, Marine  
  113  9:13  Marauder, SCV x2  
  120  9:18  Marine x3, Supply Depot, Medivac x2  
  120  9:20  Marine x2  
  128  9:34  Marauder x2  
  128  9:35  Marine  
  133  9:39  Marine x3  
  133  9:41  Supply Depot  
  133  9:42  Siege Tank, Supply Depot  
  133  9:44  Barracks  
  139  9:46  Barracks  
  131  9:55  Marauder x2, Marine  
  131  9:58  Marine  
  131  9:59  Marine x3  
  132  10:04  Marine  
  134  10:07  SCV x2  
  134  10:13  Marine  
  137  10:14  SCV  
  137  10:17  Marauder x2  
  137  10:19  SCV  
  137  10:20  SCV  
  137  10:21  Marine  
  145  10:26  Marine  
  146  10:28  SCV  
  146  10:31  SCV  
  148  10:42  Marauder x2  
  152  10:44  Barracks Tech Lab  
  152  10:45  Barracks Reactor  
  152  10:46  SCV x2  
  154  11:03  Marine x2  
  156  11:09  Marine  
  156  11:10  Marine  
  146  11:23  Marine  
  142  11:26  Marine  
  142  11:27  Marauder x3, Marine x5  
  142  11:28  Siege Tank  
  157  11:33  Marine  
  153  11:41  Marine  
  153  11:44  Marine x3  
  145  11:47  SCV x2  
  145  11:48  SCV  
  152  11:54  Command Center  
Tags
 
Add a new tag
Caveats
  • Supply blocks, unpowered buildings, or Contaminate may cause inaccurate times.
  • Supply counts are checked every 10 seconds.